MWL (24 & UNDER)
ERIE JAXX @ MINNESOTA DEATH STARS
08/26/2030
 
TOP OF THE 1ST
Erie Jaxx batting - Pitching for Minnesota Death Stars : RHP Abel Walker
Pitching: RHP Abel Walker
Batting: LHB Mark Sanders 0-0: Ball
1-0: Ground out 6-3 (Groundball, 6)
Batting: RHB Juan González 0-0: Called Strike
0-1: Ball
1-1: Foul Ball, location: 2F
1-2: Foul Ball, location: 2F
1-2: Strikes out swinging
Batting: RHB Shane Marshall 0-0: Fly out, F4 (Popup, 4MD)
Top of the 1st over - 0 runs, 0 hits, 0 errors, 0 left on base; Erie 0 - Minnesota 0
BOTTOM OF THE 1ST
Minnesota Death Stars batting - Pitching for Erie Jaxx : RHP Iván Romero
Pitching: RHP Iván Romero
Batting: RHB Lou Hammond 0-0: Ball
1-0: Ball
2-0: Ball
3-0: Called Strike
3-1: SINGLE (Groundball, 34S) (infield hit)
Batting: RHB Danny Scott 0-0: Ball
1-0: Ball
2-0: Ball
3-0: Called Strike
3-1: Base on Balls
Lou Hammond to second
Batting: LHB Gonzalo Gálvez 0-0: Swinging Strike
0-1: Ball
1-1: Grounds into double play, 1-6-3 (Groundball, P)
Lou Hammond to third
Batting: RHB Manuel Cintrón 0-0: Ball
1-0: SINGLE (Line Drive, 3)
Lou Hammond scores
Batting: RHB Sidney Smith 0-0: Swinging Strike
0-1: Ball
1-1: Ball
2-1: Ball
3-1: Fly out, F7 (Line Drive, 7)
Bottom of the 1st over - 1 run, 2 hits, 0 errors, 1 left on base; Erie 0 - Minnesota 1
TOP OF THE 2ND
Erie Jaxx batting - Pitching for Minnesota Death Stars : RHP Abel Walker
Batting: RHB Danny Morrison 0-0: Called Strike
0-1: Swinging Strike
0-2: SINGLE (Line Drive, 6MD)
Batting: RHB Ronald Hodge 0-0: Hit by Pitch
Danny Morrison to second
Batting: RHB Zachary Gadsden 0-0: Swinging Strike
0-1: Ball
1-1: Swinging Strike
1-2: Foul Ball, location: 2F
1-2: Ball
2-2: Ground out 2-3 (Groundball, 15S)
Danny Morrison to third
Ronald Hodge to second
Batting: LHB Juan Vásquez 0-0: Called Strike
0-1: Ground out 1-3 (Groundball, P)
Batting: SHB José Salazar 0-0: Ball
1-0: SINGLE (Groundball, 34D)
Danny Morrison scores
Ronald Hodge to third
Runner from 3rd tries for Home, SAFE, no throw
Batting: RHB Raoul Alkemade 0-0: Called Strike
José Salazar steals 2nd base
0-1: Foul Ball, location: 2F
0-2: Foul Ball, location: 2F
0-2: Ball
1-2: Ball
2-2: Ground out 4-3 (Groundball, 4S)
Top of the 2nd over - 2 runs, 2 hits, 0 errors, 1 left on base; Erie 2 - Minnesota 1
BOTTOM OF THE 2ND
Minnesota Death Stars batting - Pitching for Erie Jaxx : RHP Iván Romero
Batting: LHB Chris Henry 0-0: Ball
1-0: Called Strike
1-1: Foul Ball, location: 2F
1-2: Ball
2-2: Ball
3-2: Fly out, F7 (Flyball, 7)
Batting: RHB Ernesto Quintero 0-0: Swinging Strike
0-1: Ball
1-1: Ball
2-1: Foul Ball, location: 2F
2-2: Ball
3-2: Hit by Pitch
Batting: LHB Jamie Walker 0-0: SINGLE (Groundball, 25) (infield hit)
Ernesto Quintero to second
Batting: LHB Doyle Price 0-0: SINGLE (Flyball, 9LM)
Ernesto Quintero to third
Jamie Walker to second
Runner from 3rd tries for Home, SAFE, no throw
Batting: RHB Lou Hammond 0-0: Ball
1-0: Ball
2-0: Ball
3-0: Called Strike
3-1: Base on Balls
Jamie Walker to third
Doyle Price to second
Batting: RHB Danny Scott 0-0: Called Strike
0-1: Ball
1-1: Fly out, F4 (Popup, 4M)
Batting: LHB Gonzalo Gálvez 0-0: Ball
1-0: Ball
2-0: Ground out 4-3 (Groundball, 34D)
Bottom of the 2nd over - 1 run, 2 hits, 0 errors, 3 left on base; Erie 2 - Minnesota 2
TOP OF THE 3RD
Erie Jaxx batting - Pitching for Minnesota Death Stars : RHP Abel Walker
Batting: LHB Mark Sanders 0-0: Ball
1-0: Ball
2-0: Ball
3-0: Base on Balls
Batting: RHB Juan González 0-0: Ball
1-0: Ball
2-0: Called Strike
2-1: Ball
Mark Sanders steals 2nd base
3-1: Called Strike
3-2: Foul Ball, location: 2F
3-2: SINGLE (Line Drive, 6D)
Mark Sanders to third
Runner from 3rd tries for Home, SAFE, no throw
Batting: RHB Shane Marshall 0-0: Ball
1-0: Swinging Strike
1-1: Ball
2-1: Foul Ball, location: 2F
2-2: Strikes out swinging
Batting: RHB Danny Morrison 0-0: Called Strike
0-1: Ball
1-1: Ball
2-1: Grounds into double play, 6-4-3 (Groundball, 6)
Top of the 3rd over - 1 run, 1 hit, 0 errors, 0 left on base; Erie 3 - Minnesota 2
BOTTOM OF THE 3RD
Minnesota Death Stars batting - Pitching for Erie Jaxx : RHP Iván Romero
Batting: RHB Manuel Cintrón 0-0: Fly out, F8 (Flyball, 89S)
Batting: RHB Sidney Smith 0-0: Ground out 6-3 (Groundball, 6)
Batting: LHB Chris Henry 0-0: Ball
1-0: Foul Ball, location: 2F
1-1: Ball
2-1: Foul Ball, location: 2F
2-2: Ball
3-2: Fly out, F9 (Flyball, 9S)
Bottom of the 3rd over - 0 runs, 0 hits, 0 errors, 0 left on base; Erie 3 - Minnesota 2
TOP OF THE 4TH
Erie Jaxx batting - Pitching for Minnesota Death Stars : RHP Abel Walker
Batting: RHB Ronald Hodge 0-0: SINGLE (Line Drive, 7S)
Batting: RHB Zachary Gadsden 0-0: Ball
Ronald Hodge is caught stealing 2nd base
1-0: Ball
2-0: Ground out 1-3 (Groundball, 15S)
Batting: LHB Juan Vásquez 0-0: Called Strike
0-1: Ball
1-1: Foul Ball, location: 2F
1-2: Strikes out swinging
Top of the 4th over - 0 runs, 1 hit, 0 errors, 0 left on base; Erie 3 - Minnesota 2
BOTTOM OF THE 4TH
Minnesota Death Stars batting - Pitching for Erie Jaxx : RHP Iván Romero
Batting: RHB Ernesto Quintero 0-0: Called Strike
0-1: Ball
1-1: Foul Ball, location: 2F
1-2: Strikes out swinging
Batting: LHB Jamie Walker 0-0: Called Strike
0-1: Foul Ball, location: 2F
0-2: Ball
1-2: Strikes out looking
Batting: LHB Doyle Price 0-0: Foul Ball, location: 2F
0-1: Called Strike
0-2: Foul Ball, location: 2F
0-2: Ball
1-2: Ball
2-2: Ball
3-2: Base on Balls
Batting: RHB Lou Hammond 0-0: Called Strike
0-1: Ball
1-1: Ball
Doyle Price steals 2nd base
2-1: Ball
3-1: Foul Ball, location: 2F
3-2: Foul Ball, location: 2F
3-2: Base on Balls
Batting: RHB Danny Scott 0-0: Ball
1-0: Ball
2-0: Swinging Strike
2-1: Swinging Strike
2-2: Ball
3-2: Strikes out swinging
Bottom of the 4th over - 0 runs, 0 hits, 0 errors, 2 left on base; Erie 3 - Minnesota 2
TOP OF THE 5TH
Erie Jaxx batting - Pitching for Minnesota Death Stars : RHP Abel Walker
Batting: SHB José Salazar 0-0: Ball
1-0: Ground out 2-3 (Groundball, 2R)
Batting: RHB Raoul Alkemade 0-0: Ball
1-0: Ball
2-0: Swinging Strike
2-1: Foul Ball, location: 2F
2-2: Ball
3-2: Ground out U3 (Groundball, 34)
Batting: LHB Mark Sanders 0-0: Ground out 3-1 (Groundball, 34)
Top of the 5th over - 0 runs, 0 hits, 0 errors, 0 left on base; Erie 3 - Minnesota 2
BOTTOM OF THE 5TH
Minnesota Death Stars batting - Pitching for Erie Jaxx : RHP Iván Romero
Batting: LHB Gonzalo Gálvez 0-0: Ball
1-0: Ball
2-0: Called Strike
2-1: Foul Ball, location: 2F
2-2: Ball
3-2: Base on Balls
Pitching: RHP Jesús Béltre
Batting: RHB Manuel Cintrón 0-0: Ball
1-0: Ground out 5-3 (Groundball, 56S)
Gonzalo Gálvez to second
Batting: RHB Sidney Smith 0-0: Ball
1-0: Called Strike
1-1: Called Strike
1-2: Ball
Wild Pitch!
Gonzalo Gálvez to third
2-2: Strikes out swinging
Batting: LHB Chris Henry 0-0: Ball
1-0: Ball
2-0: Ball
3-0: Called Strike
3-1: Called Strike
3-2: Strikes out swinging
Bottom of the 5th over - 0 runs, 0 hits, 0 errors, 1 left on base; Erie 3 - Minnesota 2
TOP OF THE 6TH
Erie Jaxx batting - Pitching for Minnesota Death Stars : RHP Abel Walker
Batting: RHB Juan González 0-0: Ball
1-0: Ball
2-0: Ball
3-0: Called Strike
3-1: Called Strike
3-2: Base on Balls
Batting: RHB Shane Marshall 0-0: Ball
1-0: Ball
2-0: SINGLE (Line Drive, 34D)
Juan González to second
Runner from 2nd tries for 3rd, SAFE, no throw
Batting: RHB Danny Morrison 0-0: Called Strike
0-1: Ball
1-1: Ball
2-1: Foul Ball, location: 2F
2-2: Foul Ball, location: 2F
2-2: Strikes out looking
Batting: RHB Ronald Hodge 0-0: Ball
1-0: Ball
2-0: Ball
3-0: Called Strike
3-1: 3-RUN HOME RUN (Flyball, 8RD), Distance : 402 ft
Pitching: RHP Carlos Donis
Batting: RHB Zachary Gadsden 0-0: Called Strike
0-1: Ball
1-1: Ball
2-1: Ball
3-1: Called Strike
3-2: Base on Balls
Batting: LHB Juan Vásquez 0-0: Ball
1-0: Ball
2-0: Ball
3-0: Called Strike
3-1: Base on Balls
Zachary Gadsden to second
Batting: SHB José Salazar 0-0: Ball
1-0: Swinging Strike
1-1: Foul Ball, location: 2F
1-2: Ball
2-2: Ball
3-2: Foul Ball, location: 2F
3-2: Foul Ball, location: 2F
3-2: Foul Ball, location: 2F
3-2: Strikes out swinging
Batting: RHB Raoul Alkemade 0-0: Called Strike
0-1: Ball
1-1: Foul Ball, location: 2F
1-2: Foul Ball, location: 2F
1-2: Strikes out swinging
Top of the 6th over - 3 runs, 2 hits, 0 errors, 2 left on base; Erie 6 - Minnesota 2
BOTTOM OF THE 6TH
Minnesota Death Stars batting - Pitching for Erie Jaxx : RHP Jesús Béltre
Batting: RHB Ernesto Quintero 0-0: Called Strike
0-1: Ball
1-1: Ball
2-1: Ball
3-1: Base on Balls
Batting: LHB Jamie Walker 0-0: Foul Ball, location: 2F
0-1: SINGLE (Flyball, 9S)
Ernesto Quintero to second
Batting: LHB Doyle Price 0-0: Called Strike
0-1: Ball
1-1: Ball
2-1: SINGLE (Groundball, 34S) (infield hit)
Ernesto Quintero to third
Jamie Walker to second
Batting: RHB Lou Hammond 0-0: Ball
1-0: Foul Ball, location: 2F
1-1: Called Strike
1-2: Strikes out swinging
Batting: RHB Danny Scott 0-0: Called Strike
0-1: Ball
1-1: Foul Ball, location: 2F
1-2: Ball
2-2: Foul Ball, location: 2F
2-2: Fielders Choice at 3rd, U5 (Groundball, 5L)
Ernesto Quintero scores
Doyle Price to second
Batting: LHB Gonzalo Gálvez 0-0: SINGLE (Groundball, 34D)
Doyle Price to third
Danny Scott to second
Runner from 3rd tries for Home, SAFE, no throw
Batting: RHB Manuel Cintrón 0-0: Called Strike
0-1: Fielders Choice at 2nd, 5-4 (Groundball, 56)
Bottom of the 6th over - 2 runs, 3 hits, 0 errors, 2 left on base; Erie 6 - Minnesota 4
TOP OF THE 7TH
Erie Jaxx batting - Pitching for Minnesota Death Stars : RHP Carlos Donis
Batting: LHB Mark Sanders 0-0: Ball
1-0: Ball
2-0: SINGLE (Line Drive, 78M)
Batting: RHB Juan González 0-0: Called Strike
Mark Sanders steals 2nd base
0-1: Foul Ball, location: 2F
0-2: Ball
1-2: Ball
2-2: Fly out, F6 (Line Drive, 6)
Batting: RHB Shane Marshall 0-0: Ball
1-0: Ball
2-0: Called Strike
2-1: Ground out 2-3 (Groundball, 2R)
Mark Sanders to third
Batting: RHB Danny Morrison 0-0: Ball
1-0: Ball
2-0: Foul Ball, location: 2F
2-1: Swinging Strike
2-2: Strikes out swinging
Top of the 7th over - 0 runs, 1 hit, 0 errors, 1 left on base; Erie 6 - Minnesota 4
BOTTOM OF THE 7TH
Minnesota Death Stars batting - Pitching for Erie Jaxx : RHP Jesús Béltre
Pitching: RHP Armando Rodríguez
Batting: RHB Sidney Smith 0-0: Called Strike
0-1: Foul Ball, location: 2F
0-2: Foul Ball, location: 2F
0-2: Foul Ball, location: 2F
0-2: Foul Ball, location: 2F
0-2: Ground out 6-3 (Groundball, 6S)
Batting: LHB Chris Henry 0-0: Ball
1-0: Called Strike
1-1: Swinging Strike
1-2: Ball
2-2: Strikes out looking
Batting: RHB Ernesto Quintero 0-0: Foul Ball, location: 2F
0-1: Foul Ball, location: 2F
0-2: Strikes out swinging
Bottom of the 7th over - 0 runs, 0 hits, 0 errors, 0 left on base; Erie 6 - Minnesota 4
TOP OF THE 8TH
Erie Jaxx batting - Pitching for Minnesota Death Stars : RHP Carlos Donis
Batting: RHB Ronald Hodge 0-0: Called Strike
0-1: Ball
1-1: Foul Ball, location: 2F
1-2: Strikes out looking
Batting: RHB Zachary Gadsden 0-0: Swinging Strike
0-1: Ball
1-1: Foul Ball, location: 2F
1-2: Ball
2-2: Strikes out swinging
Batting: LHB Juan Vásquez 0-0: Ball
1-0: SINGLE (Groundball, 4MS) (infield hit)
Batting: SHB José Salazar 0-0: Ground out 4-3 (Groundball, 4S)
Top of the 8th over - 0 runs, 1 hit, 0 errors, 1 left on base; Erie 6 - Minnesota 4
BOTTOM OF THE 8TH
Minnesota Death Stars batting - Pitching for Erie Jaxx : RHP Armando Rodríguez
Batting: LHB Jamie Walker 0-0: Fly out, F6 (Flyball, 6D)
Batting: LHB Doyle Price 0-0: Ball
1-0: Called Strike
1-1: Foul Ball, location: 2F
1-2: Foul Ball, location: 2F
1-2: Foul Ball, location: 2F
1-2: Ball
2-2: Ball
3-2: Base on Balls
Batting: RHB Lou Hammond 0-0: Ball
1-0: Ball
2-0: Called Strike
2-1: Ball
3-1: Foul Ball, location: 2F
3-2: Strikes out swinging
Batting: RHB Danny Scott 0-0: Called Strike
0-1: Swinging Strike
0-2: Ball
1-2: SINGLE (Line Drive, 56)
Doyle Price to second
Pitching: LHP Jesús Acosta
Batting: LHB Gonzalo Gálvez 0-0: Ball
1-0: Ball
2-0: Called Strike
2-1: Ball
3-1: Swinging Strike
3-2: Foul Ball, location: 2F
3-2: Strikes out looking
Bottom of the 8th over - 0 runs, 1 hit, 0 errors, 2 left on base; Erie 6 - Minnesota 4
TOP OF THE 9TH
Erie Jaxx batting - Pitching for Minnesota Death Stars : RHP Carlos Donis
Batting: RHB Raoul Alkemade 0-0: Swinging Strike
0-1: Swinging Strike
0-2: Ball
1-2: Strikes out swinging
Batting: LHB Mark Sanders 0-0: Swinging Strike
0-1: Ball
1-1: Ball
2-1: Ground out 3-1 (Groundball, 34S)
Batting: RHB Juan González 0-0: Called Strike
0-1: Fly out, F9 (Flyball, 9)
Top of the 9th over - 0 runs, 0 hits, 0 errors, 0 left on base; Erie 6 - Minnesota 4
BOTTOM OF THE 9TH
Minnesota Death Stars batting - Pitching for Erie Jaxx : LHP Jesús Acosta
Pitching: RHP Arturo Martínez
Batting: RHB Manuel Cintrón 0-0: Ball
1-0: Ball
2-0: Swinging Strike
2-1: Ball
3-1: Foul Ball, location: 2F
3-2: Base on Balls
Pinch Hitting: LHB Ryan Miller 0-0: Swinging Strike
0-1: Foul Ball, location: 2F
0-2: Strikes out looking
Batting: LHB Chris Henry 0-0: Called Strike
0-1: Ball
1-1: Ball
2-1: Swinging Strike
2-2: Ground out 4-3 (Groundball, 34)
Manuel Cintrón to second
Pinch Hitting: LHB Larry Wright 0-0: Ball
1-0: Ball
2-0: Ball
3-0: Called Strike
3-1: Base on Balls
Batting: LHB Jamie Walker 0-0: Called Strike
0-1: Fielders Choice at 2nd, 6-4 (Groundball, 6)
Bottom of the 9th over - 0 runs, 0 hits, 0 errors, 2 left on base; Erie 6 - Minnesota 4
Saturday, April 7th, 2018 - OOTP Baseball 18.8 Build 76